AoeStats
← Lord_Wilfredo

Arena

508161982Analyzed
3v3 RM · 12d ago on Sep 21, 2026· 42m 24s· 6 players
Game mode
Random Map
Map size
Normal (6 player)
Population
200
Speed
Normal
Resources
Standard
Victory
Conquest
Starting age
Dark Age
Ending age
Imperial Age
RankedLock teamsTeams togetherTeam positionsShared explorationLock speedFull tech treeHidden civsTurbo modeCheats
Victory
Defeat
1371
+16
🇨🇳 Gurjaras · China
1335
+17
🇨🇳 Bulgarians · China
1318
+18
🇩🇪 Italians · Germany
1373
-17
🇦🇷 Mongols · Argentina
1372
-17
🇲🇽 Celts · Mexico
1352
-17
_TY_梦涯
11:36 Feudal Age
12:25 Double-Bit Axe
12:23 Horse Collar
15:13 Castle Age
15:04 Wheelbarrow
16:29 Heavy Plow
16:41 Bow Saw
20:59 Loom
26:00 Gold Mining
26:02 Stone Mining
28:50 Imperial Age
27:10 Scale Mail Armor
27:21 Forging
27:16 Scale Barding Armor
27:56 Gold Shaft Mining
27:58 Stone Shaft Mining
28:24 Chain Mail Armor
28:45 Iron Casting
28:52 Chain Barding Armor
28:45 Squires
29:31 Bloodlines
29:21 Husbandry
29:06 Elite Konnik
29:58 Loom
30:29 Hand Cart
31:05 Plate Barding Armor
33:56 Plate Mail Armor
34:26 Blast Furnace
35:13 Crop Rotation
42:11 Conscription
42:48 Stirrups
埃米尔.帖木儿.夏天
11:45 Feudal Age
16:00 Castle Age
14:11 Double-Bit Axe
14:45 Horse Collar
17:30 Bow Saw
21:30 Town Watch
23:49 Elite Skirmisher
25:53 Wheelbarrow
25:54 Gold Mining
26:13 Fletching
26:59 Stone Mining
27:26 Bodkin Arrow
31:18 Imperial Age
28:52 Padded Archer Armor
29:39 Leather Archer Armor
30:32 Ballistics
31:36 Gold Shaft Mining
31:30 Hand Cart
31:03 Treadmill Crane
31:49 Loom
32:06 Bracer
32:56 Conscription
32:58 Heavy Plow
33:14 Bloodlines
33:04 Husbandry
33:48 Ring Archer Armor
33:47 Scale Mail Armor
33:53 Scale Barding Armor
34:00 Forging
33:58 Paiks
33:35 Elite Battle Elephant
35:34 Chain Barding Armor
36:21 Chemistry
37:15 Iron Casting
37:15 Plate Barding Armor
37:50 Siege Engineers
38:31 Iron Casting
38:33 Plate Barding Armor
39:57 Iron Casting
41:11 Crop Rotation
40:58 Masonry
41:21 Elite Ratha (Ranged)
43:05 Blast Furnace
42:28 Mahayana
Mr.Robin
10:24 Feudal Age
11:53 Double-Bit Axe
14:51 Castle Age
12:35 Horse Collar
16:05 Bow Saw
20:43 Fervor
21:09 Heavy Plow
23:39 Gold Mining
24:26 Wheelbarrow
23:37 Loom
27:24 Imperial Age
25:48 Hand Cart
28:10 Fletching
29:31 Bodkin Arrow
32:08 Bracer
32:50 Padded Archer Armor
33:41 Leather Archer Armor
34:39 Ballistics
35:20 Chemistry
34:24 Husbandry
34:34 Bloodlines
35:02 Thumb Ring
35:07 Elite Elephant Archer
37:04 Town Watch
37:40 Scale Barding Armor
38:06 Conscription
39:16 Masonry
42:33 Kshatriyas
43:24 Chain Barding Armor
MontarazMX
8:38 Loom
10:26 Feudal Age
14:33 Castle Age
12:45 Double-Bit Axe
13:09 Horse Collar
14:47 Wheelbarrow
13:58 Loom
15:36 Bow Saw
16:00 Heavy Plow
19:00 Gold Mining
19:44 Scale Mail Armor
N
10:24 Feudal Age
11:19 Double-Bit Axe
14:03 Castle Age
12:05 Stone Mining
12:55 Horse Collar
21:22 Bow Saw
23:10 Loom
30:07 Imperial Age
29:08 Wheelbarrow
28:36 Heavy Plow
28:28 Gold Mining
29:17 Stone Shaft Mining
29:08 Fletching
29:44 Bodkin Arrow
30:29 Hand Cart
30:36 Padded Archer Armor
31:12 Bracer
31:31 Leather Archer Armor
32:19 Chemistry
32:40 Scale Barding Armor
32:47 Forging
32:12 Elite Genoese Crossbowman
33:52 Bloodlines
33:42 Husbandry
34:05 Chain Barding Armor
33:25 Light Cavalry
35:07 Iron Casting
36:04 Plate Barding Armor
37:45 Blast Furnace
38:10 Ring Archer Armor
38:02 Hussar
Lord_Wilfredo
9:59 Feudal Age
11:21 Double-Bit Axe
13:53 Castle Age
11:56 Horse Collar
15:00 Bow Saw
14:52 Loom
16:03 Heavy Plow
23:38 Wheelbarrow
27:56 Imperial Age
25:56 Ballistics
25:32 Stone Mining
25:53 Gold Mining
26:30 Padded Archer Armor
26:20 Fletching
26:53 Hand Cart
27:31 Leather Archer Armor
27:15 Town Watch
28:44 Gold Shaft Mining
28:26 Bodkin Arrow
28:51 Bloodlines
28:41 Husbandry
29:12 Conscription
30:39 Chemistry
29:28 Capped Ram
30:31 Bracer
31:30 Elite Mangudai
33:11 Scale Barding Armor
33:17 Forging
34:10 Stone Shaft Mining
33:08 Siege Ram
33:58 Thumb Ring
34:32 Parthian Tactics
36:31 Elite Skirmisher
Connection lost

Rejoining the realm…

Still unreachable

The connection could not be restored.

Session expired

The server has moved on; the page needs a fresh start.